 Dungeon Crawl Stone Soup version 0.20.1-1-g8b1a95d (webtiles) character file.

192 dohliylev the Sneak (level 5, 0/35 HPs)
             Began as a Vampire Enchanter on July 14, 2017.
             Slain by a worker ant (6 damage)
             ... on level 4 of the Dungeon.
             The game lasted 00:09:44 (2379 turns).

dohliylev the Sneak (Vampire Enchanter)             Turns: 2379, Time: 00:09:45

Health: 0/35       AC:  3    Str:  7    XL:     5   Next: 42%
Magic:  1/8        EV: 13    Int: 18    God:
Gold:   192        SH:  0    Dex: 15    Spells: 5/8 levels left

rFire    . . .     SeeInvis +   a - +1 dagger
rCold    . . .     Gourm    .   (no shield)
rNeg     + . .     Faith    .   b - +0 robe
rPois    .         Spirit   .   (no helmet)
rElec    .         Reflect  .   q - +0 cloak (curse)
rCorr    .         Harm     .   (no gloves)
MR       .....                  (no boots)
Stlth    ++++......             (no amulet)
Regen    0.2/turn               (no ring)
MPRegen  0.2/turn               (no ring)

@: lethally poisoned (0 -> -31)
A: fangs 3, see invisible, unbreathing
a: Bat Form


You were on level 4 of the Dungeon.
You were not thirsty.

You visited 1 branch of the dungeon, and saw 4 of its levels.

You collected 192 gold pieces.

Inventory:

Hand Weapons
 a - a +1 dagger (weapon)
Armour
 b - a +0 robe (worn)
 q - a cursed +0 cloak (worn)
Jewellery
 r - a cursed ring of teleportation {unknown}
Scrolls
 f - 2 scrolls of recharging {unknown}
 g - 6 scrolls of identify {unknown}
 h - 2 scrolls of magic mapping {unknown}
 i - a scroll of enchant armour {unknown}
 p - 2 scrolls of noise {unknown}
Potions
 d - 17 potions of blood
 e - a potion of haste {unknown}
 j - a potion of lignification {unknown}
 k - a potion of curing {unknown}
 l - 3 potions of agility {unknown}
 m - 2 potions of heal wounds {unknown}
 n - a potion of flight {unknown}
 o - a potion of cancellation {unknown}
 s - a potion of brilliance {unknown}
 t - a potion of mutation {unknown}
 u - a potion of might {unknown}
Books
 c - a book of Maledictions

   Spells                             Type                      Level
   a - Corona                         Hexes                        1
   b - Ensorcelled Hibernation        Hexes/Ice                    2
   c - Confuse                        Hexes                        3
   d - Tukima's Dance                 Hexes                        3
   e - Dazzling Spray                 Conjuration/Hexes            3


   Skills:
 + Level 2.1 Short Blades
 + Level 3.1 Dodging
 * Level 7.3 Stealth
 + Level 2.2 Spellcasting
 + Level 5.1 Hexes
 + Level 1.3 Ice Magic


You had 5 spell levels left.
You knew the following spells:

 Your Spells              Type           Power        Failure   Level  Hunger
a - Corona                Hex            ###....      2%          1    #......
b - Ensorcelled Hibernat  Hex/Ice        ##....       7%          2    ##.....


Dungeon Overview and Level Annotations

Branches:
Dungeon (4/15)
 Temple: D:4-7

Altars:


Innate Abilities, Weirdness & Mutations

You have razor-sharp teeth.
You have supernaturally acute eyesight. (SInv)
You can survive without breathing.


Message History

You feel sick. The worker ant bites you.
You are more poisoned.
The worker ant poisons you!
You hit the worker ant but do no damage.
The worker ant is lightly wounded.
You feel sick. The worker ant bites you.
You are lethally poisoned!
The worker ant poisons you!
You hit the worker ant but do no damage.
The worker ant is lightly wounded.
You feel sick. The worker ant bites you.
You are more poisoned.
The worker ant poisons you!
You hit the worker ant but do no damage.
You feel sick. The worker ant bites you.
* * * LOW HITPOINT WARNING * * *
You hit the worker ant but do no damage.
* * * LOW HITPOINT WARNING * * *
You feel sick. The worker ant bites you.
You die...

###
#####.###.####
#...a@<......#
......#.###.##.#
#...# ### ... #


You could see a worker ant.

Vanquished Creatures
  Crazy Yiuf (D:2)
  7 adders
  2 oozes
  5 worms
  3 leopard geckos
  An orc (D:3)
  A ball python (D:1)
  6 giant cockroaches
  3 goblins
  10 hobgoblins
  10 jackals
  9 bats
  6 kobolds
  7 rats
71 creatures vanquished.

Notes
Turn   | Place    | Note
-------+----------+-------------------------------------------
     0 | D:1      | dohliylev the Vampire Enchanter began the quest for the Orb.
     0 | D:1      | Reached XP level 1. HP: 13/13 MP: 3/3
    92 | D:1      | Reached skill level 5 in Stealth
   132 | D:1      | Reached XP level 2. HP: 14/19 MP: 5/5
   193 | D:1      | Learned a level 2 spell: Ensorcelled Hibernation
   595 | D:1      | Reached XP level 3. HP: 23/24 MP: 6/6
   864 | D:2      | Reached XP level 4. HP: 30/30 MP: 7/7
   915 | D:2      | Reached skill level 6 in Stealth
  1006 | D:2      | Reached skill level 1 in Ice Magic
  1194 | D:2      | Reached skill level 5 in Hexes
  1543 | D:2      | Found a runed door.
  1547 | D:2      | Noticed Crazy Yiuf
  1555 | D:2      | Killed Crazy Yiuf
  1555 | D:2      | Reached XP level 5. HP: 30/35 MP: 1/8
  1848 | D:3      | Reached skill level 7 in Stealth
  2379 | D:4      | Slain by a worker ant

Skill      XL: |  1  2  3  4  5 |
---------------+----------------+-----
Stealth        | 5 6 7 |  7.3
Ice Magic      | 1 |  1.3
Hexes          | 5 |  5.1
Dodging        | 3 |  3.1
Short Blades   | 2 |  2.1
Spellcasting   | |  2.2

Action                   |  1- 3 |  4- 6 || total
-------------------------+-------+-------++-------
Melee: Dagger            |    99 |   155 ||   254
       Bite              |    11 |     5 ||    16
 Cast: Ensorcelled Hiber |    13 |    30 ||    43
       Corona            |     1 |       ||     1
 Stab: Sleeping          |    10 |    25 ||    35
  Eat: Corpse            |    10 |     5 ||    15
Armor: Robe              |    31 |    28 ||    59
Dodge: Dodged            |   106 |   109 ||   215
